Map: Backwater LE

Players

Atsin - Winner!

  • Race: Protoss Protoss
  • League: Bronze
  • Spawn Location: 5:00

quelfhalas

  • Race: Terran Terran
  • League: Silver
  • Spawn Location: 11:00

VOD

Have the link to the VOD?

Description

Time

  • Played on: May 10, 2018, 9:15 a.m.
  • Length: 9:54
Show
View Real Time Build Order
Export as new Build Order

Atsin Protoss - Winner!

Build Orders:  

Get SALT Encoding   

  1  0:00  Probe  
  13  0:14  Pylon  
  13  0:15  Probe  
  14  0:26  Assimilator  
  14  0:38  Gateway  
  14  0:40  Probe  
  15  0:52  Probe  
  16  1:03  Probe  
  17  1:11  Probe  
  17  1:13  Pylon  
  18  1:28  Probe, Cybernetics Core  
  18  1:31  Assimilator  
  19  1:40  Probe  
  20  1:48  Gateway  
  20  1:52  Probe  
  21  2:02  Adept  
  21  2:04  Probe, Warp Gate  
  24  2:25  Adept  
  26  2:45  Nexus  
  26  2:46  Pylon  
  26  2:53  Sentry  
  28  3:05  Stalker  
  30  3:14  Probe  
  30  3:16  Robotics Facility  
  31  3:22  Probe  
  32  3:49  Probe  
  32  4:01  Probe  
  33  4:10  Observer  
  33  4:13  Probe  
  35  4:21  Probe  
  35  4:22  Twilight Council  
  35  4:23  Probe  
  35  4:29  Probe  
  35  4:31  Probe, Warp Prism  
  41  4:40  Probe  
  41  4:41  Probe  
  43  4:52  Probe  
  44  4:53  Probe  
  44  4:54  Stalker x2  
  49  5:02  Gateway  
  49  5:05  Gateway, Probe  
  49  5:06  Charge  
  50  5:18  Forge  
  50  5:21  Probe  
  51  5:29  Probe  
  52  6:18  Stalker  
  54  6:27  Pylon  
  54  6:29  Pylon  
  54  6:32  Pylon  
  54  6:36  Resonating Glaives  
  54  6:45  Immortal, Pylon  
  58  6:49  Pylon  
  58  6:58  Protoss Ground Armor Level 1  
  58  7:19  Stalker  
  58  7:20  Stalker  
  58  7:21  Stalker  
  58  7:22  Stalker  
  66  7:24  Immortal  
  70  7:45  Stalker  
  70  7:46  Stalker  
  70  7:47  Stalker  
  70  7:48  Stalker  
  60  8:25  Stalker  
  60  8:26  Stalker  
  64  8:27  Stalker x2  
  68  8:47  Stargate  
  68  8:56  Stargate  
  68  9:06  Assimilator  
  68  9:10  Assimilator  
Show
View Real Time Build Order
Export as new Build Order

quelfhalas Terran 

Build Orders:  

Get SALT Encoding   

  12  0:03  SCV  
  13  0:15  SCV  
  13  0:18  Supply Depot  
  14  0:27  SCV  
  15  0:31  Refinery  
  15  0:45  Barracks  
  15  0:51  SCV  
  16  1:03  SCV  
  17  1:12  Refinery  
  17  1:15  SCV  
  18  1:28  SCV  
  19  1:40  SCV  
  19  1:46  Factory  
  20  1:47  Marine  
  20  1:52  SCV  
  22  2:04  SCV  
  23  2:30  Supply Depot  
  23  2:37  Command Center  
  23  2:51  Orbital Command  
  23  2:57  Barracks  
  23  2:58  Marine  
  24  3:09  Factory Tech Lab  
  24  3:16  Marine  
  25  3:22  Starport, SCV  
  26  3:34  Marine, SCV  
  28  3:43  Siege Tank  
  28  3:47  Supply Depot  
  31  3:49  SCV  
  32  4:04  SCV x2  
  34  4:16  SCV x2  
  36  4:28  Barracks Reactor, SCV x2  
  38  4:35  Barracks Tech Lab  
  38  4:37  Barracks  
  38  4:39  Medivac  
  38  4:40  SCV x2  
  42  4:52  SCV  
  43  4:53  SCV  
  44  5:04  SCV  
  44  5:05  SCV  
  44  5:06  Siege Tank  
  49  5:07  Marine  
  49  5:08  Marine x2  
  49  5:13  Stimpack  
  52  5:16  SCV  
  52  5:17  SCV  
  52  5:18  Engineering Bay  
  54  5:28  Supply Depot  
  54  5:38  SCV  
  54  5:39  Marine  
  54  5:49  Marine, SCV  
  56  5:50  SCV  
  57  6:00  Marine  
  57  6:02  Marine  
  57  6:03  Marine  
  60  6:07  Refinery, Marine  
  60  6:11  Refinery  
  61  6:13  Orbital Command  
  61  6:14  Command Center  
  61  6:18  Marine  
  62  6:22  Terran Infantry Weapons Level 1  
  62  6:30  Starport Reactor, Supply Depot x2  
  62  6:36  Barracks  
  62  6:39  Factory  
  62  6:51  Marine x2, SCV x2, Siege Tank  
  69  7:03  SCV x2  
  71  7:17  Medivac x2  
  75  7:23  Siege Tank  
  68  7:55  Siege Tank  
  68  8:27  SCV  
  69  8:35  Marine  
  69  8:36  Marine x3  
  69  8:39  SCV  
  74  8:51  SCV  
  74  8:53  Marine  
  74  8:54  Marine x3  
  70  9:03  SCV  
  70  9:06  Siege Tank  
  66  9:11  Marine x4  
  66  9:15  SCV  
  68  9:29  Marine x4  
Tags
 
Add a new tag
Caveats
  • Supply blocks, unpowered buildings, or Contaminate may cause inaccurate times.
  • Supply counts are checked every 10 seconds.